 Dungeon Sprint DCSS version 0.25-a0-41-g6cf4ce537d (webtiles) character file.

Game seed: 4124646893617637144, levelgen mode: deterministic

9947 GordonOverkill the Severer (level 11, -5/116 HPs)
             Began as a Deep Dwarf Fighter on Oct 21, 2019.
             Was the Champion of Makhleb.
             Slain by a 12-headed hydra (11 damage)
             ... while paralysed by a floating eye
             ... in the Dungeon (Sprint I: "Red Sonja").
             The game lasted 00:10:13 (1405 turns).

GordonOverkill the Severer (Deep Dwarf Fighter)     Turns: 1405, Time: 00:10:13

Health: -5/116     AC: 13    Str: 23    XL:     11   Next: 29%
Magic:  19/19 (10) EV:  2    Int:  9    God:    Makhleb [******]
Gold:   783        SH:  0    Dex: 12    Spells: 10/10 levels left

rFire    . . .     SeeInvis +   a - +0 war axe
rCold    . . .     Gourm    .   c - +0 shield
rNeg     . . .     Faith    .   b - +0 scale mail
rPois    .         Spirit   .   d - +2 helmet {SInv}
rElec    .         Reflect  .   (no cloak)
rCorr    .         Harm     .   m - +1 pair of gloves {archery}
MR       +....     NoTele   +   (no boots)
Stlth    ..........             (no amulet)
HPRegen  0.00/turn              n - ring of magical power
MPRegen  0.16/turn              (no ring)

@: paralysed, non-regenerating
A: damage resistance, heal wounds, sense surroundings 2, no regeneration
a: Heal Wounds, Minor Destruction, Lesser Servant of Makhleb, Major Destruction,
Greater Servant of Makhleb, Renounce Religion


You were in the Dungeon.
You worshipped Makhleb.
Makhleb was exalted by your worship.
You were not hungry.

You visited 1 branch You collected 1221 gold pieces.
You spent 438 gold pieces at shops.

Inventory:

Hand Weapons
 a - a +0 war axe (weapon)
Armour
 b - a +0 scale mail (worn)
 c - a +0 shield (worn)
 d - a +2 helmet of see invisible (worn)
 m - a +1 pair of gloves of archery (worn)
Jewellery
 n - a ring of magical power (left hand)
Wands
 l - a wand of random effects (10)
 q - a wand of flame (16)
 r - a wand of clouds (6)
Scrolls
 k - a scroll of blinking
 o - a scroll of remove curse {unknown}
 s - a scroll of identify
Potions
 e - 3 potions of curing
 g - 2 potions of heal wounds
 h - a potion of haste
 i - 2 potions of magic
 j - a potion of berserk rage
 p - a potion of flight
Comestibles
 f - 2 rations
 t - 13 chunks of flesh


   Skills:
 + Level 12.8 Fighting
 - Level 18.2 Axes
 - Level 7.0 Armour
 - Level 15.2 Shields
 - Level 7.0 Invocations
 - Level 7.1 Evocations


You had 10 spell levels left.
You didn't know any spells.
Your spell library was empty.

Dungeon Overview and Level Annotations

Branches:
Dungeon (1/1)

Altars:
Cheibriados
Dithmenos
Elyvilon
Fedhas
Gozag
Hepliaklqana
Kikubaaqudgha
Makhleb
Nemelex Xobeh
Okawaru
Qazlal
Ru
Sif Muna
Trog
Uskayaw
Vehumet
Wu Jian
Xom
Yredelemnul
Zin
The Shining One
Jiyva
Lugonu

Shops:
D [*=*[*((((*?:(:[:


Innate Abilities, Weirdness & Mutations

You are resistant to damage.
You can heal yourself by infusing magical energy.
You passively map the area around you.
You do not regenerate.


Message History

Your hellwing hits the 12-headed hydra! Your hellwing hits the 12-headed hydra.
The 12-headed hydra bites you!
* * * LOW HITPOINT WARNING * * *
The 12-headed hydra bites you.
* * * LOW HITPOINT WARNING * * *
The 12-headed hydra bites you!
* * * LOW HITPOINT WARNING * * *
The 12-headed hydra bites you.
* * * LOW HITPOINT WARNING * * *
The 12-headed hydra bites you but does no damage.
The 12-headed hydra bites you!
* * * LOW HITPOINT WARNING * * *
The 12-headed hydra bites you but does no damage.
The 12-headed hydra bites you. x2
* * * LOW HITPOINT WARNING * * *
The 12-headed hydra bites you but does no damage.
The 12-headed hydra bites you.
* * * LOW HITPOINT WARNING * * *
The 12-headed hydra bites you!
You die...

###############################
..#__#..')..#).#G4§§§§§§§§.'.$#
..'^.'..#).†##§#D####4§§§§##$.+
#'#__####...†§§#@# *##§..##
*##* #.####.§#####§§§§# ###+# ,
, #§#≈§§§.#§.##)#### , #.# ,,,
§§§§§§§.§§.#.○^°°# * #§.** ,
._#§§§§.#..#○.°○○+ , ,##.# *
#'##(#####'###.°○# , * .##*
#.#.))(###...#°.°# * ##.. *
####'###)###.#°°##* ,*+## ,
.'.....')∩##.#°.# *


You could see a 12-headed hydra, a floating eye and a friendly hellwing.

Vanquished Creatures
  2 centaur warriors (D)
  Sonja (D)
  2 unseen horrors (D)
  A deep troll (D)
  A lindwurm (D)
  An oklob plant (D)
  A gargoyle (D)
  2 kobold demonologists (D)
  4 demonic crawlers (D)
  A slime creature (D)
  A hornet (D)
  Sigmund (D)
  2 redbacks (D)
  A yak (D)
  13 hogs (D)
  2 floating eyes (D)
  7 necrophages (D)
  An ogre (D)
  8 jellies (D)
  Ijyb (D)
53 creatures vanquished.

Vanquished Creatures (others)
  2 ballistomycete spores (D)
2 creatures vanquished.

Grand Total: 55 creatures vanquished

Notes
Turn   | Place    | Note
-------+----------+-------------------------------------------
     0 | D        | GordonOverkill the Deep Dwarf Fighter began the quest for
                  | the Orb.
     0 | D        | Reached XP level 1. HP: 20/20 MP: 1/1
     1 | D        | Noticed Ijyb
    30 | D        | Killed Ijyb
    30 | D        | Reached skill level 4 in Axes
    30 | D        | Reached XP level 2. HP: 23/28 MP: 2/2
    37 | D        | Noticed an ogre
    42 | D        | Killed an ogre
    42 | D        | Reached skill level 6 in Axes
    42 | D        | Reached XP level 3. HP: 16/37 MP: 2/2
    42 | D        | Reached XP level 4. HP: 20/45 MP: 3/3
    55 | D        | Noticed Sigmund
    98 | D        | Killed Sigmund
    98 | D        | Reached skill level 9 in Axes
    98 | D        | Reached XP level 5. HP: 35/51 MP: 4/4
    98 | D        | Reached XP level 6. HP: 40/58 MP: 5/5
   117 | D        | Found a burning altar of Makhleb.
   117 | D        | Found a viscous altar of Jiyva.
   117 | D        | Found a shimmering altar of Xom.
   117 | D        | Found a corrupted altar of Lugonu.
   117 | D        | Noticed a slime creature
   140 | D        | Killed a slime creature
   140 | D        | Reached skill level 10 in Axes
   143 | D        | Became a worshipper of Makhleb the Destroyer
   156 | D        | Noticed a kobold demonologist
   156 | D        | Noticed a floating eye
   156 | D        | Noticed a kobold demonologist
   158 | D        | Paralysed by a floating eye for 4 turns
   159 | D        | Noticed a hellwing
   164 | D        | Killed a floating eye
   164 | D        | Reached skill level 11 in Axes
   164 | D        | Reached XP level 7. HP: 58/66 MP: 5/5
   166 | D        | Noticed a rust devil
   170 | D        | Noticed a smoke demon
   171 | D        | Noticed a chaos spawn
   177 | D        | HP: 3/66 [rust devil[a kobold demonologist] (7)]
   184 | D        | Killed a kobold demonologist
   184 | D        | Reached skill level 12 in Axes
   185 | D        | Killed a kobold demonologist
   185 | D        | Reached * piety under Makhleb
   185 | D        | Reached skill level 13 in Axes
   185 | D        | Reached XP level 8. HP: 32/73 MP: 5/5
   239 | D        | Found an ornate altar of the Wu Jian Council.
   239 | D        | Found a shimmering blue altar of Sif Muna.
   241 | D        | Found a radiant altar of Vehumet.
   250 | D        | Noticed a centaur warrior
   267 | D        | Found Raoteem's General Store.
   267 | D        | Found an ancient bone altar of Kikubaaqudgha.
   267 | D        | Found a hazy altar of Hepliaklqana.
   267 | D        | Found a stormy altar of Qazlal.
   267 | D        | Found a hide-covered altar of Uskayaw.
   267 | D        | Found a blossoming altar of Fedhas.
   267 | D        | Found a bloodstained altar of Trog.
   267 | D        | Found an iron altar of Okawaru.
   267 | D        | Found a basalt altar of Yredelemnul.
   267 | D        | Found a glowing golden altar of the Shining One.
   267 | D        | Found a snail-covered altar of Cheibriados.
   267 | D        | Found a sacrificial altar of Ru.
   267 | D        | Found a glowing silver altar of Zin.
   267 | D        | Found a shadowy altar of Dithmenos.
   267 | D        | Found a white marble altar of Elyvilon.
   275 | D        | Found an opulent altar of Gozag.
   276 | D        | Found a sparkling altar of Nemelex Xobeh.
   296 | D        | Noticed Sonja
   304 | D        | Killed Sonja
   304 | D        | Reached ** piety under Makhleb
   304 | D        | Reached skill level 14 in Axes
   364 | D        | Found Fedirasch's Antique Armour Boutique.
   372 | D        | Bought a pair of glowing gloves for 180 gold pieces
   389 | D        | Noticed a deep troll
   399 | D        | Killed a deep troll
   399 | D        | Reached skill level 15 in Axes
   399 | D        | Reached skill level 15 in Shields
   399 | D        | Gained mutation: You passively map the area around you.
                  | [Deep Dwarf growth]
   399 | D        | Reached XP level 9. HP: 29/79 MP: 4/7
   412 | D        | Found Ugabbim's Armour Emporium.
   416 | D        | Bought a +2 helmet of see invisible for 258 gold pieces
   450 | D        | Noticed a centaur warrior
   467 | D        | Killed a centaur warrior
   467 | D        | Reached skill level 16 in Axes
   474 | D        | Killed a centaur warrior
   501 | D        | Paralysed by a hornet for 1 turns
   508 | D        | Reached *** piety under Makhleb
   519 | D        | Noticed an oklob plant
   604 | D        | Killed an oklob plant
   604 | D        | Reached skill level 17 in Axes
   604 | D        | Reached XP level 10. HP: 75/94 MP: 10/10
   685 | D        | Paralysed by a floating eye for 2 turns
   688 | D        | Reached **** piety under Makhleb
   816 | D        | Reached ***** piety under Makhleb
   925 | D        | Noticed an unseen horror
   925 | D        | Noticed an unseen horror
   945 | D        | Killed an unseen horror
   964 | D        | Killed an unseen horror
   964 | D        | Reached skill level 18 in Axes
  1004 | D        | Reached ****** piety under Makhleb
  1004 | D        | Reached skill level 10 in Fighting
  1047 | D        | Found Reiquarr's Assorted Antiques.
  1047 | D        | Found Wojioqac's Jewellery Shop.
  1047 | D        | Found Hyeroreb's Armour Boutique.
  1049 | D        | Found Alute's Assorted Antiques.
  1049 | D        | Found Viuthuan's Antique Weapon Shop.
  1049 | D        | Found Poum's Antique Weapon Shoppe.
  1049 | D        | Found Awumay's Weapon Boutique.
  1049 | D        | Found Roafi's Weapon Emporium.
  1049 | D        | Found Dezubod's General Store.
  1049 | D        | Found Xenusk's Magic Scroll Shoppe.
  1054 | D        | Found Gidaunuh's Book Boutique.
  1055 | D        | Found Xotix's Book Emporium.
  1055 | D        | Found Neuqis's Antique Weapon Boutique.
  1056 | D        | Found Dunaur's Book Emporium.
  1168 | D        | Reached skill level 1 in Evocations
  1175 | D        | Reached skill level 5 in Armour
  1200 | D        | Noticed a gargoyle
  1213 | D        | Killed a gargoyle
  1213 | D        | Reached skill level 5 in Evocations
  1224 | D        | Noticed a lindwurm
  1240 | D        | Killed a lindwurm
  1240 | D        | Reached XP level 11. HP: 48/111 MP: 11/11
  1385 | D        | Noticed a 12-headed hydra
  1390 | D        | Paralysed by a floating eye for 4 turns
  1404 | D        | Paralysed by a floating eye for 4 turns
  1405 | D        | Slain by a 12-headed hydra

Levels and vault maps discovered:
D:        dungeon_sprint_1 [red_sonja_temple_1, red_sonja_temple_small_1]

Skill      XL: |  1  2  3  4  5  6  7  8  9 10 11 |
---------------+----------------------------------+-----
Fighting       | 3 4 7 11 12 | 12.8
Axes           | 4 6 9 11 13 15 17 18 | 18.2
Armour         | 4 6 7 |  7.0
Shields        | 4 7 9 11 13 15 | 15.2
Invocations    | 3 6 7 |  7.0
Evocations     | 6 7 |  7.1

Action                   |  1- 3 |  4- 6 |  7- 9 | 10-12 || total
-------------------------+-------+-------+-------+-------++-------
Melee: War axe           |    32 |    37 |    77 |   256 ||   402
Invok: Lesser Servant of |       |       |       |     2 ||     2
 Abil: Heal Wounds       |     1 |     5 |    13 |     8 ||    27
Evoke: Wand              |       |       |    21 |     1 ||    22
  Use: Potion            |       |       |     1 |       ||     1
       Scroll            |       |       |     2 |       ||     2
 Stab: Confused          |       |       |     4 |       ||     4
  Eat: Chunk             |       |       |       |     2 ||     2
Armor: Scale mail        |     9 |     9 |    19 |    93 ||   130
Dodge: Dodged            |     6 |     4 |    18 |    71 ||    99
Block: Shield            |    13 |    17 |    60 |   144 ||   234

Table legend:
 A = Non-vault XP
 B = Vault XP
 C = Vault XP percentage of total XP
 D = Non-vault monster count
 E = Vault monster count
 F = Vault count percentage of total count
                 A         B        C        D         E       F
            +---------+---------+-------+---------+---------+-------
      Total |       0 |   14211 | 100.0 |       0 |      53 | 100.0
            +---------+---------+-------+---------+---------+-------
          D |       0 |   14211 | 100.0 |       0 |      53 | 100.0
            +---------+---------+-------+---------+---------+-------
